 Dungeon Crawl Stone Soup version 0.29-a0-284-gf9362112df (webtiles) character file.

Game seed: 5529951564240798171

6122 Tumalu the Nimble (level 10, -17/51 HPs)
             Began as a Spriggan Arcane Marksman on Mar 27, 2022.
             Was a Priest of Okawaru.
             Demolished by a komodo dragon (27 damage)
             ... on level 10 of the Dungeon.
             The game lasted 00:40:10 (11760 turns).

Tumalu the Nimble (Spriggan Arcane Marksman)       Turns: 11760, Time: 00:40:13

Health: -17/51     AC:  5    Str:  6    XL:     10   Next: 59%
Magic:  15/15      EV: 25    Int: 14    God:    Okawaru [***...]
Gold:   265        SH:  0    Dex: 21    Spells: 11/15 levels left

rFire   . . .      SeeInvis +   s - +3 hand crossbow
rCold   . . .      Faith    .   (no shield)
rNeg    . . .      Spirit   .   y - +0 troll leather armour
rPois   +          Reflect  .   (helmet restricted)
rElec   .          Harm     .   C - +0 cloak
rCorr   .          Rampage  .   (gloves unavailable)
Will    +....                   (boots unavailable)
Stlth   ++........              G - amulet of regeneration
HPRegen 1.77/turn               i - +4 ring of slaying
MPRegen 0.14/turn               B - ring of poison resistance

@: very quick
A: very small, no large weapons, unfitting armour, see invisible, speed 3
a: Renounce Religion, Heroism


You were on level 10 of the Dungeon.
You worshipped Okawaru.
Okawaru was most pleased with you.
You visited 2 branches of the dungeon, and saw 11 of its levels.
You also visited: Sewer.

You collected 311 gold pieces.
You spent 46 gold pieces at shops.

Inventory:

Hand Weapons
 p - a +2 vampiric dagger
 s - a +3 hand crossbow (weapon)
Missiles
 v - 2 throwing nets
 A - 6 atropa-tipped darts
 J - 6 datura-tipped darts
Armour
 b - a +0 robe
 y - a +0 troll leather armour (worn)
 C - a +0 cloak (worn)
Jewellery
 i - a +4 ring of slaying (left hand)
 n - a ring of fire
 x - an amulet of magic regeneration
 B - a ring of poison resistance (right hand)
 G - an amulet of regeneration (around neck)
Wands
 a - a wand of digging (4)
 k - a wand of acid (4)
Scrolls
 c - 2 scrolls of vulnerability
 d - 3 scrolls of identify
 e - 2 scrolls of immolation
 g - a scroll of holy word {unknown}
 j - 3 scrolls of amnesia
 o - 2 scrolls of noise {unknown}
 r - 4 scrolls of magic mapping {unknown}
 t - 2 scrolls of teleportation
 u - 2 scrolls of blinking {unknown}
 z - 2 scrolls of enchant weapon {unknown}
 I - a scroll of fog {unknown}
Potions
 f - 3 potions of curing
 h - 2 potions of flight
 l - a potion of might {unknown}
 m - 3 potions of invisibility
 q - a potion of resistance
 w - a potion of degeneration
 D - a potion of attraction {unknown}
 E - a potion of haste {unknown}
 F - a potion of brilliance {unknown}
 H - a potion of berserk rage {unknown}


   Skills:
 - Level 5.0 Fighting
 - Level 10.0 Crossbows
 + Level 11.6 Dodging
 + Level 3.1 Spellcasting
 + Level 4.6 Hexes
 + Level 5.2 Translocations
 - Level 5.0 Invocations


You had 11 spell levels left.
You knew the following spells:

 Your Spells              Type           Power      Damage    Failure   Level
a - Slow                  Hex            60%        N/A       4%          1
b - Portal Projectile     Hex/Tloc       32%        N/A       13%         3

Your spell library contained the following spells:

 Spells                   Type           Power      Damage    Failure   Level
 Ensorcelled Hibernation  Hex/Ice        16%        N/A       19%         2
 Dazzling Flash           Conj/Hex       16%        N/A       36%         3
 Inner Flame              Hex/Fire       8%         N/A       36%         3
 Cause Fear               Hex            7%         N/A       43%         4
 Corpse Rot               Necr/Air       4%         N/A       45%         2
 Passwall                 Tmut/Erth      1%         N/A       45%         2
 Poisonous Vapours        Pois/Air       4%         N/A       45%         2
 Swiftness                Air            2%         N/A       69%         3
 Iskenderun's Mystic Bla  Conj/Tloc      9%         2d4       75%         4
 Leda's Liquefaction      Hex/Erth       4%         N/A       77%         4
 Starburst                Conj/Fire      1%         6d3       100%        6
 Dragon Form              Tmut           1%         N/A       100%        7
 Call Canine Familiar     Summ           Unusable   N/A       N/A         3
 Dragon's Call            Summ           Unusable   N/A       N/A         9

Dungeon Overview and Level Annotations

Branches:
Dungeon (10/15)            Temple (1/1) D:6           Sewer (visited)
   Lair: D:8-11         Orc: D:9-12

Altars:
Ashenzari
Cheibriados
Elyvilon
Fedhas
Gozag
Hepliaklqana
Kikubaaqudgha
Makhleb
Nemelex Xobeh
Okawaru
Qazlal
Ru
Sif Muna
Trog
Uskayaw
Vehumet
Xom
Yredelemnul
Zin
The Shining One
Lugonu

Shops:
D:5 *

Annotations:
D:3 Grinder
D:5 2 runed translucent doors, Patoropollo's ghost, novice MiFi
D:8 2 transporters


Innate Abilities, Weirdness & Mutations

You are very small and have problems with some larger weapons.
You are too small for most types of armour.
You have supernaturally acute eyesight. (SInv)
You cover ground extremely quickly. (Speed+++)


Message History

The komodo dragon is severely wounded.
The komodo dragon barely misses you.
You shoot a bolt. The bolt hits the komodo dragon.
The komodo dragon is severely wounded.
The komodo dragon completely misses you.
You shoot a bolt.
The bolt barely misses the komodo dragon.
The komodo dragon bites you but does no damage.
You shoot a bolt. The bolt hits the komodo dragon.
The komodo dragon is almost dead.
The komodo dragon barely misses you.
You shoot a bolt. The bolt hits the komodo dragon.
The komodo dragon is almost dead.
The komodo dragon closely misses you.
You shoot a bolt.
The bolt hits the komodo dragon but does no damage.
The komodo dragon is almost dead.
The komodo dragon bites you!
You are too injured to fight recklessly!
Shoot: s) +3 hand crossbow
Press: ? - help, Shift-Dir - straight line, f/p - komodo dragon
Aim: a komodo dragon (almost dead, 79% to hit)
You shoot a bolt. The bolt hits the komodo dragon.
The komodo dragon is almost dead.
The komodo dragon bites you!!
* * * LOW HITPOINT WARNING * * *
You see here a box of beasts.
Shoot: s) +3 hand crossbow
Press: ? - help, Shift-Dir - straight line, f/p - komodo dragon
Aim: a komodo dragon (almost dead, 79% to hit)
You shoot a bolt. The bolt hits the komodo dragon.
The komodo dragon is almost dead.
Shoot: s) +3 hand crossbow
Press: ? - help, Shift-Dir - straight line, f/p - komodo dragon
Aim: a komodo dragon (almost dead, 79% to hit)
You shoot a bolt.
The bolt barely misses the komodo dragon.
The komodo dragon bites you!!
Ouch! That really hurt!
You die...

.........#...#....#
.?...$.......##...#
..................###
....................##
.....................#
................###.##
........#}...#.## ###
..........l.....##
#..........@.....#
..<.............##
...........##.###
.).........####
.#...##..## #### ####


You could see a komodo dragon.

Vanquished Creatures
  Erica (D:7)
  An unseen horror (D:10)
  Psyche (D:8)
  A troll (D:9)
  A meliai (shapeshifter) (D:10)
  3 yaks (D:8)
  An acid dragon (D:8)
  Pargi (Sewer)
  3 ice beasts
  A black bear (D:4)
  An ogre (D:6)
  2 centaurs (D:9)
  2 phantoms
  3 kobold brigands
  4 bullfrogs
  2 necrophages
  2 gnoll sergeants
  2 scorpions
  19 wights
  9 killer bees
  7 howler monkeys
  2 jellies (D:5)
  A hound (D:5)
  2 orc priests
  Natasha (D:3)
  An iguana (D:6)
  5 orc wizards
  Robin (D:2)
  13 gnolls
  12 adders
  3 white imps
  2 worms (D:2)
  24 orcs
  6 bats
  8 endoplasms
  2 giant cockroaches
  17 goblins
  9 hobgoblins
  6 jackals
  3 quokkas
  7 ball pythons
  4 frilled lizards
  27 kobolds
  3 rats
226 creatures vanquished.

Notes
Turn   | Place    | Note
-------+----------+-------------------------------------------
     0 | D:1      | Tumalu the Spriggan Arcane Marksman began the quest for the
                  | Orb.
     0 | D:1      | Reached XP level 1. HP: 9/9 MP: 3/3
   370 | D:1      | Reached XP level 2. HP: 14/14 MP: 5/5
   455 | D:1      | Found a faded altar of an unknown god.
   876 | D:2      | Reached XP level 3. HP: 17/17 MP: 6/6
   880 | D:2      | Learned a level 3 spell: Portal Projectile
   898 | D:2      | Reached skill level 1 in Translocations
  1310 | D:2      | Noticed Robin
  1361 | D:2      | Reached XP level 4. HP: 5/21 MP: 5/7
  1361 | D:2      | Killed Robin
  2509 | D:3      | Reached XP level 5. HP: 25/25 MP: 8/8
  2753 | D:3      | Found a glowing golden altar of the Shining One.
  2808 | D:3      | Found a sparkling altar of Nemelex Xobeh.
  2866 | D:3      | Noticed Natasha
  2874 | D:3      | Killed Natasha
  2963 | D:3      | Noticed Grinder
  2970 | D:3      | Paralysed by Grinder for 7 turns
  3246 | D:3      | Paralysed by Grinder for 7 turns
  3258 | D:4      | Reached skill level 5 in Crossbows
  3442 | D:4      | Noticed a black bear
  3466 | D:4      | Killed a black bear
  3467 | D:4      | Reached XP level 6. HP: 20/29 MP: 9/9
  3624 | D:4      | Noticed an ice beast
  3635 | D:4      | Killed an ice beast
  3647 | D:4      | Found a glowing drain.
  3708 | D:4      | HP: 1/29 [adder (2)]
  3901 | Sewer    | Entered a sewer
  4109 | Sewer    | Noticed Pargi
  4147 | Sewer    | Killed Pargi
  4148 | Sewer    | Reached XP level 7. HP: 26/32 MP: 8/10
  4322 | D:4      | Reached skill level 1 in Fighting
  4641 | D:4      | Found a broken altar of Ashenzari.
  4841 | D:4      | Found an opulent altar of Gozag.
  4841 | D:4      | Found an ancient bone altar of Kikubaaqudgha.
  4872 | D:4      | Found a hazy altar of Hepliaklqana.
  4959 | D:4      | Found a snail-covered altar of Cheibriados.
  5132 | D:5      | Entered Level 5 of the Dungeon
  5302 | D:5      | Found a large runed translucent door.
  5302 | D:5      | Found a large runed translucent door.
  5303 | D:5      | Noticed Patoropollo's ghost (novice MiFi)
  5356 | D:5      | Found a burning altar of Makhleb.
  5524 | D:5      | Found Jashi's General Store.
  5530 | D:5      | Bought 6 atropa-tipped darts for 46 gold pieces
  5818 | D:6      | Reached XP level 8. HP: 39/39 MP: 11/11
  6032 | D:6      | Found a staircase to the Ecumenical Temple.
  6048 | Temple   | Entered the Ecumenical Temple
  6428 | D:6      | Reached skill level 10 in Crossbows
  6503 | D:6      | Found a shimmering blue altar of Sif Muna.
  6658 | D:6      | Reached skill level 3 in Dodging
  7054 | Temple   | Became a worshipper of Warmaster Okawaru
  7427 | D:7      | Reached skill level 4 in Dodging
  7666 | D:7      | Identified the +0 leather armour of the Moneychanger
                  | {Str+2}
  7819 | D:7      | Reached skill level 5 in Dodging
  7936 | D:7      | Reached XP level 9. HP: 32/44 MP: 12/12
  8060 | D:7      | Reached * piety under Okawaru
  8062 | D:7      | Reached skill level 6 in Dodging
  8499 | D:7      | Found a sacrificial altar of Ru.
  8646 | D:7      | Identified the +3 leather armour of Sibaluz {rF- rCorr
                  | Int+3 Dex+5}
  8788 | D:8      | Found a blossoming altar of Fedhas.
  8803 | D:8      | Reached skill level 7 in Dodging
  9029 | D:8      | Found a flagged portal.
  9265 | D:8      | Reached skill level 5 in Fighting
  9296 | D:8      | Reached ** piety under Okawaru
  9297 | D:8      | Reached skill level 8 in Dodging
  9401 | D:8      | Reached skill level 1 in Invocations
  9482 | D:8      | Noticed Psyche
  9510 | D:8      | Noticed Erica
  9684 | D:7      | Killed Erica
  9685 | D:7      | Reached skill level 9 in Dodging
  9947 | D:8      | Killed Psyche
  9948 | D:8      | Reached XP level 10. HP: 28/51 MP: 12/14
 10117 | D:8      | Reached skill level 10 in Dodging
 10138 | D:8      | Reached *** piety under Okawaru
 10291 | D:8      | Found a transporter.
 10291 | D:8      | Noticed a centaur warrior
 10292 | D:8      | Noticed a centaur warrior
 10297 | D:8      | Found a transporter.
 10297 | D:8      | Found a shimmering altar of Xom.
 10307 | D:8      | Noticed a manticore
 10454 | D:9      | Reached skill level 5 in Invocations
 10497 | D:9      | Reached skill level 11 in Dodging
 11017 | D:9      | Found a blossoming altar of Fedhas.
 11236 | D:9      | Found a stormy altar of Qazlal.
 11267 | D:9      | Found an opulent altar of Gozag.
 11606 | D:10     | Entered Level 10 of the Dungeon
 11725 | D:10     | Received a gift from Okawaru
 11726 | D:10     | Reached skill level 5 in Translocations
 11754 | D:10     | HP: 2/51 [komodo dragon (21)]
 11760 | D:10     | Demolished by a komodo dragon

Illustrated notes

Levels and vault maps discovered:
D:1:      dpeg_arrival_boxorama, layout_loops_cross,
          hellmonk_ecumenical_altar_lost_god, serial_rivers,
          chequers_serial_rivers_micro_b, chequers_serial_rivers_micro_c,
          chequers_serial_rivers_small_a, chequers_serial_rivers_micro_b,
          chequers_serial_rivers_micro_a, chequers_serial_rivers_micro_d
D:2:      wad_crossroads, layout_basic, uniq_robin
D:3:      layout_basic, nicolae_tso_swordbearing_angel,
          nemelex_xobeh_ov_fountains_minmay, uniq_natasha, uniq_grinder
D:4:      layout_layer_cave, mainiacjoe_overflow_brackets, cheibriados_altar_1,
          nicolae_hepliaklqana_hazy_memory, gammafunk_temple_overflow_wave,
          gup_sewer_entry_glass, st_stairs_6, serial_bayou_lagoon_a
D:5:      layout_basic, mainiacjoe_overflow_concentric_impassable, serial_shops,
          nicolae_square_shop, ebering_ghost_disaster_area
D:6:      layout_gridville, kennysheep_mini, minmay_temple_entry_antechambers
D:7:      layout_cave_pods, nicolae_overflow_hidden_temple
D:8:      layout_rooms, lemuel_crystal_altar, gammafunk_temple_overflow_arena,
          serial_glass, glass_columns_a, glass_columns_a, enter_bailey_2,
          uniq_erica, uniq_psyche
D:9:      layout_irregular_city, nicolae_qazlal_style_of_elements,
          hangedman_feature_mirror, amcnicky_mini_pool_small
D:10:     layout_cross, overflow_temple_1_default,
          nicolae_dithmenos_through_a_glass_darkly, serial_shops, shop,
          minmay_unpleasant_kobolds
Temple:   corrupted_temple

Skill      XL: |  1  2  3  4  5  6  7  8  9 10 |
---------------+-------------------------------+-----
Crossbows      | 3 4 5 7 8 10 | 10.0
Translocations | 2 3 4 5 |  5.2
Fighting       | 2 3 5 |  5.0
Dodging        | 5 9 11 | 11.6
Invocations    | 4 5 |  5.0
Spellcasting   | 3 |  3.1
Hexes          | 4 |  4.6

Action                   |  1- 3 |  4- 6 |  7- 9 | 10-12 || total
-------------------------+-------+-------+-------+-------++-------
 Fire: Hand crossbow     |    82 |   159 |   347 |   142 ||   730
 Cast: Slow              |     2 |     1 |     3 |       ||     6
Evoke: Wand              |       |     2 |     5 |     3 ||    10
  Use: Scroll            |       |       |     6 |       ||     6
       Potion            |       |       |     6 |       ||     6
Armor: Robe              |     2 |     5 |     4 |     2 ||    13
       Troll leather arm |       |       |       |     3 ||     3
Dodge: Dodged            |    27 |    66 |   125 |    93 ||   311

Table legend: (Time is in decaauts)
 A = Elapsed time spent in this place.
 B = Non-inter-level travel time spent in this place.
 C = Inter-level travel time spent in this place.
 D = Time resting spent in this place.
 E = Time spent auto-exploring this place.
 F = Levels seen in this place.
 G = Mean time per level.
                   A        B        C        D        E       F      G
               +--------+--------+--------+--------+--------+-----+--------+
         Total |   9248 |   8900 |    348 |   1140 |   6227 |  12 |  770.7 |
       Dungeon |   8896 |   8574 |    322 |   1011 |   6101 |  10 |  889.6 |
        Temple |     49 |     24 |     25 |      0 |     12 |   1 |   49.0 |
         Sewer |    302 |    302 |      0 |    129 |    113 |   1 |  302.0 |
               +--------+--------+--------+--------+--------+-----+--------+

Top non-repeatable levels by time:
     D:7: 2016 daAuts
     D:2: 1561 daAuts
     D:4: 1107 daAuts
     D:6: 1033 daAuts
     D:9: 951 daAuts
     D:8: 710 daAuts
     D:1: 515 daAuts
     D:5: 448 daAuts
     D:3: 443 daAuts
   Sewer: 302 daAuts
    D:10: 108 daAuts
  Temple: 49 daAuts
